 Dungeon Crawl Stone Soup version 0.31.0-11-ge490571c62 (webtiles) character file.

Game seed: 2601216843682723399

2124853 oldriver the Slayer (level 26, 206/206 HPs)
             Began as a Demigod Hunter on Feb 3, 2024.
             Escaped with the Orb
             ... and 4 runes!
             The game lasted 02:21:41 (84558 turns).

oldriver the Slayer (Demigod Hunter)               Turns: 84558, Time: 02:21:41

Health: 206/206    AC: 24    Str: 24    XL:     26   Next: 65%
Magic:  36/36      EV: 53    Int: 12    God:
Gold:   5859       SH: 39    Dex: 52    Spells: 25/25 levels left

rFire   + + .        j - +9 hand cannon (freeze)
rCold   + + +        i - +7 tower shield {rC+ rF+}
rNeg    + + +        y - +2 faerie dragon scales {rElec rCorr MP+9 Str+4}
rPois   +            A - +3 crown of Dyrovepreva {rElec Int+2 SInv}
rElec   +            t - +1 cloak "Iferr" {Fly Str+3}
rCorr   +            w - +1 pair of gloves "Vorit" {rF+ rC++ Slay-2}
SInv    +            l - +3 pair of seven-league boots {Rampage+∞}
Will    ++...        M - amulet of regeneration
Stlth   +++          n - ring of Idwec {Fly rPois rF+ Dex+4}
HPRegen 2.14/turn    v - ring "Huisiekk" {Wiz rN+++ rCorr Dex+3 Slay-3}
MPRegen 0.25/turn

%: rampage+∞, wizardry (x1)
@: flying, studying Throwing
A: high MP 1, forlorn, divine attributes, agile 1, frail 2, regeneration 1,
screaming 1, weak 1, heat vulnerability 1, MP-powered wands, noise suppression
0: Orb of Zot
}: 4/15 runes: decaying, serpentine, slimy, silver
a: no special abilities


You escaped.
You visited 11 branches of the dungeon, and saw 55 of its levels.
You visited the Abyss 2 times.
You also visited: Desolation.

You collected 8159 gold pieces.
You spent 2300 gold pieces at shops.

Inventory:

Hand Weapons
 j - a +9 hand cannon of freezing (weapon)
Missiles
 R - 4 throwing nets
Armour
 i - a +7 tower shield of resistance (worn)
 l - the +3 pair of seven-league boots (worn) {Rampage+∞}
   (You found it on level 5 of the Pits of Slime)

   Rampage+∞: When moving toward enemies, its wearer moves as far as possible,
   alerting their target en route.
 t - the +1 cloak "Iferr" (worn) {Fly Str+3}
   (You found it on level 2 of the Vaults)

   Str+3:     It affects your strength (+3).
   Fly:       It grants you flight.
 w - the +1 pair of gloves "Vorit" (worn) {rF+ rC++ Slay-2}
   (You found it on level 3 of the Elven Halls)

   Slay-2:    It affects your accuracy & damage with ranged weapons and melee
   (-2).
   rF+:       It protects you from fire.
   rC++:      It greatly protects you from cold.
 y - the +2 faerie dragon scales (worn) {rElec rCorr MP+9 Str+4}
   (You took it off the Enchantress on level 3 of the Depths)

   Str+4:     It affects your strength (+4).
   rElec:     It insulates you from electricity.
   MP+9:      It affects your magic capacity (+9).
   rCorr:     It protects you from acid and corrosion.
 A - the +3 crown of Dyrovepreva (worn) {rElec Int+2 SInv}
   (You found it on level 5 of the Pits of Slime)

   Int+2:     It affects your intelligence (+2).
   rElec:     It insulates you from electricity.
   SInv:      It lets you see invisible.
Jewellery
 m - the amulet "Ximuass" {Reflect rC++ SH+5}
   (You found it on level 4 of the Realm of Zot)

   [amulet of reflection]

   Reflect:   It reflects blocked missile attacks.
   rC++:      It greatly protects you from cold.
   SH+5:      It affects your SH (+5).
 n - the ring of Idwec (left hand) {Fly rPois rF+ Dex+4}
   (You took it off a deep elf annihilator on level 3 of the Elven Halls)

   [ring of flight]

   Dex+4:     It affects your dexterity (+4).
   rF+:       It protects you from fire.
   rPois:     It protects you from poison Fly: It grants you flight.
 p - the dreamdust necklace {Acrobat}
   (You took it off a fire giant on level 5 of the Vaults)

   [amulet of the acrobat]

   Acrobat:   It increases your evasion while moving and waiting.
 v - the ring "Huisiekk" (right hand) {Wiz rN+++ rCorr Dex+3 Slay-3}
   (You found it in the Desolation of Salt)

   [ring of wizardry]

   Wiz:       It improves your spell success rate.
   Dex+3:     It affects your dexterity (+3).
   Slay-3:    It affects your accuracy & damage with ranged weapons and melee
   (-3).
   rN+++:     It renders you almost immune to negative energy.
   rCorr:     It protects you from acid and corrosion.
 M - an amulet of regeneration (around neck)
Wands
 r - a wand of mindburst (22)
 z - a wand of iceblast (45)
 F - a wand of charming (61)
 G - a wand of flame (159)
 N - a wand of acid (39)
 Q - a wand of polymorph (34)
 W - a wand of digging (13)
Scrolls
 a - 5 scrolls of blinking
 b - a scroll of butterflies
 c - 6 scrolls of amnesia
 d - 9 scrolls of teleportation
 x - a scroll of enchant armour
 B - 11 scrolls of revelation
 H - 10 scrolls of fog
 I - 8 scrolls of poison
 L - 7 scrolls of fear
 P - 2 scrolls of silence
Potions
 e - 5 potions of resistance
 f - 23 potions of curing
 g - 7 potions of brilliance
 h - a potion of lignification
 k - 8 potions of heal wounds
 q - 3 potions of haste
 s - 7 potions of enlightenment
 D - a potion of magic
 E - a potion of berserk rage
 J - 8 potions of might
 O - 4 potions of cancellation
 V - 5 potions of invisibility
 Y - 6 potions of ambrosia
Miscellaneous
 o - a box of beasts
 C - a tin of tremorstones (2/2)
 U - a lightning rod (4/4)
 X - a phial of floods
 Z - a phantom mirror


   Skills:
 - Level 25.0 Fighting
 - Level 18.0 Ranged Weapons
 - Level 14.0 Armour
 + Level 21.5 Dodging
 - Level 20.0 Stealth
 - Level 21.0 Shields
 - Level 8.0 Evocations


You had 25 spell levels left.
You didn't know any spells.
Your spell library contained the following spells:

 Spells                   Type           Power      Damage    Failure   Level
 Apportation              Tloc           0%         N/A       24%         1
 Foxfire                  Conj/Fire      0%         2x1d4     24%         1
 Freeze                   Ice            0%         1d3       24%         1
 Kiss of Death            Conj/Necr      0%         2d5       24%         1
 Magic Dart               Conj           0%         1d3       24%         1
 Necrotise                Necr           0%         1d4       24%         1
 Sandblast                Erth           0%         2d4       24%         1
 Slow                     Hex            0%         N/A       24%         1
 Sting                    Conj/Alch      0%         1d3       24%         1
 Summon Small Mammal      Summ           0%         N/A       24%         1
 Blink                    Tloc           0%         N/A       32%         2
 Call Imp                 Summ           0%         N/A       32%         2
 Ensorcelled Hibernation  Hex/Ice        0%         N/A       32%         2
 Jinxbite                 Hex            0%         N/A       32%         2
 Lesser Beckoning         Tloc           0%         N/A       32%         2
 Momentum Strike          Conj/Tloc      0%         3d8       32%         2
 Scorch                   Fire           0%         2d5       32%         2
 Searing Ray              Conj           0%         2d4       32%         2
 Sublimation of Blood     Necr           0%         N/A       32%         2
 Call Canine Familiar     Summ           0%         N/A       54%         3
 Confusing Touch          Hex            0%         N/A       54%         3
 Dazzling Flash           Conj/Hex       0%         N/A       54%         3
 Frozen Ramparts          Ice            0%         1d1       54%         3
 Gell's Gravitas          Tloc           0%         N/A       54%         3
 Hailstorm                Conj/Ice       0%         3d5       54%         3
 Inner Flame              Hex/Fire       0%         N/A       54%         3
 Passwall                 Erth           0%         N/A       54%         3
 Sigil of Binding         Hex            0%         N/A       54%         3
 Stone Arrow              Conj/Erth      0%         3d7       54%         3
 Summon Ice Beast         Ice/Summ       0%         N/A       54%         3
 Swiftness                Air            0%         N/A       54%         3
 Teleport Other           Tloc           0%         N/A       54%         3
 Tukima's Dance           Hex            0%         N/A       54%         3
 Vampiric Draining        Necr           0%         2d6       54%         3
 Animate Armour           Summ/Erth      0%         N/A       90%         4
 Animate Dead             Necr           0%         N/A       90%         4
 Brom's Barrelling Bould  Conj/Erth      0%         2d3       90%         4
 Dimensional Bullseye     Hex/Tloc       0%         N/A       90%         4
 Dispel Undead            Necr           0%         3d6       90%         4
 Flame Wave               Conj/Fire      0%         2d4       90%         4
 Fulminant Prism          Conj/Alch      0%         3d5       90%         4
 Iskenderun's Mystic Bla  Conj/Tloc      0%         2d3       90%         4
 Leda's Liquefaction      Alch/Erth      0%         N/A       90%         4
 Manifold Assault         Tloc           0%         N/A       90%         4
 Martyr's Knell           Necr/Summ      0%         N/A       90%         4
 Olgreb's Toxic Radiance  Alch           0%         N/A       90%         4
 Passage of Golubria      Tloc           0%         N/A       90%         4
 Petrify                  Alch/Erth      0%         N/A       90%         4
 Sticky Flame             Fire/Alch      0%         2d4       90%         4
 Summon Blazeheart Golem  Fire/Summ      0%         N/A       90%         4
 Vhi's Electric Charge    Tloc/Air       0%         N/A       90%         4
 Arcjolt                  Conj/Air       0%         1d10      99%         5
 Borgnjor's Vile Clutch   Necr/Erth      0%         N/A       99%         5
 Curse of Agony           Necr           0%         N/A       99%         5
 Fireball                 Conj/Fire      0%         3d3       99%         5
 Irradiate                Conj/Alch      0%         3d11      99%         5
 Iskenderun's Battlesphe  Conj           0%         2d6       99%         5
 Lee's Rapid Deconstruct  Erth           0%         3d4*      99%         5
 Metabolic Englaciation   Hex/Ice        0%         N/A       99%         5
 Silence                  Hex/Air        0%         N/A       99%         5
 Summon Forest            Summ/Tloc      0%         N/A       99%         5
 Summon Mana Viper        Hex/Summ       0%         N/A       99%         5
 Yara's Violent Unravell  Hex/Alch       0%         3d3       99%         5
 Bombard                  Conj/Erth      0%         9d1       100%        6
 Conjure Ball Lightning   Conj/Air       0%         3x3d6     100%        6
 Death Channel            Necr           0%         N/A       100%        6
 Dispersal                Tloc           0%         N/A       100%        6
 Plasma Beam              Fire/Air       0%         2x1d10    100%        6
 Sculpt Simulacrum        Ice/Alch       0%         N/A       100%        6
 Starburst                Conj/Fire      0%         6d3       100%        6
 Summon Cactus Giant      Summ           0%         N/A       100%        6
 Enfeeble                 Hex            0%         N/A       100%        7
 Haunt                    Necr/Summ      0%         N/A       100%        7
 Malign Gateway           Summ/Tloc      0%         N/A       100%        7
 Orb of Destruction       Conj           0%         9d5       100%        7
 Ozocubu's Refrigeration  Ice            0%         4d7       100%        7
 Spellforged Servitor     Conj/Summ      0%         N/A       100%        7
 Summon Hydra             Summ           0%         N/A       100%        7
 Borgnjor's Revivificati  Necr           0%         N/A       100%        8
 Discord                  Hex            0%         N/A       100%        8
 Disjunction              Tloc           0%         N/A       100%        8
 Ignition                 Fire           0%         3d3       100%        8
 Infestation              Necr           0%         N/A       100%        8
 Lehudib's Crystal Spear  Conj/Erth      0%         10d2      100%        8
 Maxwell's Capacitive Co  Air            0%         ∞         100%        8
 Summon Horrible Things   Summ           0%         N/A       100%        8
 Chain Lightning          Conj/Air       0%         N/A       100%        9
 Death's Door             Necr           0%         N/A       100%        9
 Fire Storm               Conj/Fire      0%         5d1       100%        9
 Polar Vortex             Ice            0%         N/A       100%        9
 Shatter                  Erth           0%         3d5*      100%        9


Dungeon Overview and Level Annotations

Branches:
Dungeon (15/15)            Temple (0/1) D:6            Lair (5/5) D:8
  Swamp (4/4) Lair:3        Snake (4/4) Lair:2        Slime (5/5) Lair:4
    Orc (2/2) D:11            Elf (3/3) Orc:2        Vaults (5/5) D:14
  Crypt (3/3) Vaults:3       Tomb (0/3) Crypt:3      Depths (4/4) D:15
    Zot (5/5) Depths:4    Desolation (visited)

Shops:
Orc:1 [   Orc:2 [*((   Elf:3 !*:[[   Snake:3 *   Vaults:1 [   Vaults:4 [

Portals:
Hell: Lair:5 Depths:1 Depths:2 Depths:3 Depths:4
Abyss: Depths:2 Depths:3
Pandemonium: Depths:2 Depths:4
Ziggurat: Depths:4
Trove: D:15 (give 12 potions of heal wounds)

Annotations:
D:4 3 runed translucent doors, superradish's ghost, weakling DsDe
D:13 1 runed translucent door
Swamp:1 exclusion: orange crystal statue
Swamp:3 Bai Suzhen
Elf:2 3 runed translucent doors, Upahu's ghost, adept MiBe
Depths:1 1 runed translucent door, Iceingye's ghost, adept DrSh


Innate Abilities, Weirdness & Mutations

You have an increased reservoir of magic. (+10% MP)
You shall have no god before yourself.
Your divine heritage dramatically boosts your attributes as you level up.
You are agile. (Dex +4, Str/Int -1)
You are very frail. (-20% HP)
Your natural rate of healing is unusually fast.
You occasionally shout uncontrollably at your foes.
You are weak. (Str -2)
You are vulnerable to heat. (rF-)
You expend magic power (3 MP) to strengthen your wands.
You passively dampen the noise of your surroundings.


Message History

The soul eater is moderately wounded.
There is a stone staircase leading up here.
You fly upwards.
There is a stone staircase leading down here.
What level of the Dungeon? (default 1, ? - help)
There is a stone staircase leading up here.
You fly upwards.
There is a stone staircase leading down here.
There is a stone staircase leading up here.
You fly upwards.
There is a stone staircase leading down here.
There is a stone staircase leading up here.
You fly upwards.
There is a stone staircase leading down here.
You see here a +0 pair of boots.
There is an open door here.
There is an open door here.
There is a stone staircase leading up here.
You fly upwards.
There is a stone staircase leading down here.
There is a stone staircase leading up here.
You fly upwards.
Level annotation: 3 runed translucent doors, superradish's ghost, weakling DsDe
There is a stone staircase leading down here.
There is a stone staircase leading up here.
You fly upwards.
There is a stone staircase leading down here.
There is a stone staircase leading up here.
You fly upwards.
There is a stone staircase leading down here.
There is a stone staircase leading up here.
You fly upwards.
There is a stone staircase leading down here.
Blink to where?
Press: ? - help, Dir - move target
As you read the scroll of blinking, it crumbles to dust.
Blink to where?
Press: ? - help, Dir - move target
As you read the scroll of blinking, it crumbles to dust.
You have escaped!

...........≈≈≈≈≈≈.≈≈≈#...#######.
.##.......≈≈≈≈≈≈[≈≈≈≈≈...........
.......##≈≈≈≈≈≈≈.≈≈≈≈≈≈...######.
.###...#≈≈≈8≈≈≈≈≈.≈≈8≈≈≈.........
.# #...#≈≈≈≈≈≈≈≈≈≈.≈≈≈≈≈..######.
.###....≈≈≈≈~~~≈≈≈.≈≈≈≈≈.........
........~≈≈~≈≈≈~≈≈.≈≈≈≈≈#####.##.
>....§..≈~~≈≈≈≈>..≈≈≈≈≈≈# #.##.
.#####..≈≈≈≈≈≈..@≈≈≈≈~~≈# #.##.
..#####.≈≈≈≈≈.≈≈~≈≈≈~≈≈~## #.##.
#...###)≈≈≈≈≈.≈≈≈~~~≈≈≈≈.####.##.
###..##.≈≈≈≈≈.≈≈≈≈≈≈≈≈≈≈...##'###
##.##.≈≈≈8≈≈.≈≈≈≈≈8≈≈≈##.......
#.##.#≈≈≈≈≈≈.≈≈≈≈≈≈≈####.....#
#.##.##≈≈≈≈≈.≈≈≈≈≈≈## #.....#
#.##.###≈≈≈.≈≈≈≈≈≈## #......
#....####..###.....# #......


There were no monsters in sight!

Vanquished Creatures
  Dissolution (Slime:2)
  A pandemonium lord (D:11)
  the Royal Jelly (Slime:5)
  Frederick (Crypt:1)
  3 dread liches
  Mara (Depths:1)
  An ancient lich (Vaults:5)
  9 orbs of fire
  Mennas (D:14)
  A juggernaut (Depths:1)
  Sojobo (Depths:3)
  The ghost of Bailed the Peltast, a veteran MiMo of Qazlal (Vaults:2)
  Saint Roka (Snake:2)
  7 Killer Klowns
  Margery (Vaults:2)
  Jory (Crypt:1)
  5 golden dragons
  the Enchantress (Depths:3)
  Nikola (Swamp:3)
  4 electric golems
  3 Tzitzimimeh (Vaults:3)
  5 bone dragons
  A hellephant (Vaults:1)
  3 doom hounds (Vaults:3)
  19 tentacled monstrosities
  A walking earthen tome (Depths:4)
  25 Orb Guardians
  2 deep elf master archers (Elf:3)
  5 sphinxes
  5 liches
  A walking frostbound tome (Depths:2)
  3 titans
  Grunn (Vaults:3)
  4 deep elf blademasters
  6 quicksilver dragons
  A tentacled starspawn (Abyss:3)
  22 acid blobs
  6 death cobs
  Gastronok (Lair:2)
  10 shadow dragons
  10 tengu reavers
  11 storm dragons
  8 rockslimes
  6 draconian monks
  7 nagarajas
  4 draconian knights
  2 protean progenitors (Zot:2)
  A revenant (Crypt:1)
  Donald (Orc:2)
  6 fire giants
  11 azure jellies
  A fenstrider witch (Swamp:2)
  4 draconian scorchers
  4 draconian shifters
  7 deep elf sorcerers
  3 imperial myrmidons (Desolation)
  An iron dragon (Depths:1)
  9 frost giants
  A balrug (Depths:2)
  5 deep elf elementalists
  4 ghost moths
  11 draconian stormcallers
  2 caustic shrike zombies (Crypt:3)
  18 vault wardens
  21 ironbound preservers
  4 draconian annihilators
  3 curse skulls
  2 reapers
  4 ghouls
  9 spriggan defenders
  8 formless jellyfish
  12 very ugly things
  The ghost of SuperJoe the Spry, a journeyman MfCj of Wu Jian (D:13)
  14 quicksilver oozes
  3 caustic shrike skeletons
  6 vampire knights
  8 green draconians
  11 stone giants
  6 ironbound thunderhulks
  10 deep elf demonologists
  14 deep elf death magi
  8 black draconians
  10 red draconians
  8 war gargoyles
  3 eleionomae
  6 deep elf annihilators (Elf:3)
  8 white draconians
  10 spark wasps
  14 yellow draconians
  9 dire elephants
  A minotaur (Vaults:2)
  2 bunyips (Swamp:4)
  7 purple draconians
  9 crystal guardians
  16 ettins
  2 eidola
  2 merfolk javelineers (Vaults:2)
  Snorg (Orc:2)
  3 ragged hierophants (Desolation)
  A quicksilver dragon zombie (Crypt:3)
  6 fire dragons
  Josephine (Lair:3)
  9 ice dragons
  5 deep elf high priests
  3 jiangshi
  10 rakshasas
  16 yaktaur captains
  4 entropy weavers
  4 servants of whispers
  A salamander tyrant (Snake:4)
  9 great orbs of eyes
  34 vault guards
  4 ogre magi
  12 alligators
  A hell beast (D:15)
  6 spriggan air magi
  13 peacekeepers
  7 hydras
  11 ironbound frosthearts
  2 spriggan skeletons (Crypt:3)
  A death knight (D:15)
  A death yak (Lair:4)
  11 centaur warriors
  A catoblepas (D:13)
  13 naga warriors
  3 ghost crabs
  13 anacondas
  5 boulder beetles
  4 deep troll shamans
  A vampire mage (Depths:2)
  Urug (Orc:2)
  9 two-headed ogres
  A hell hog (Depths:2)
  A thrashing horror (Abyss:3)
  32 dancing weapons
  5 shock serpents
  An occultist (Lair:5)
  5 orc high priests
  5 tengu warriors
  13 naga sharpshooters
  5 spriggan berserkers
  4 sun demons
  8 deep troll earth magi
  9 hell knights
  16 deep elf knights
  2 soul eaters
  3 salamander mystics
  3 wretched stars (Abyss:3)
  2 skysharks (Lair:4)
  A sixfirhy (Lair:5)
  31 skeletal warriors
  6 iron trolls
  A bunyip zombie (Crypt:3)
  3 goliath frogs
  11 spriggan druids
  4 mana vipers
  A shadow demon (Zot:5)
  A death drake (Swamp:1)
  A shining eye (shapeshifter) (Vaults:5)
  2 flayed ghosts (Crypt:2)
  60 deep trolls
  2 glowing orange brains
  A swamp dragon (Swamp:2)
  14 deep elf archers
  5 arcanists
  6 lindwurms
  4 spectral hydras (Swamp:4)
  A bunyip skeleton (Crypt:3)
  6 naga ritualists
  A spectral alligator (Swamp:4)
  14 bog bodies
  9 phantasmal warriors
  18 necromancers
  5 orc knights
  23 ironbound convokers
  26 deep elf zephyrmancers
  A goliath frog zombie (Crypt:2)
  31 deep elf pyromancers
  A wolf spider (D:12)
  3 cyclopes
  4 orc sorcerers
  2 alligator zombies (Swamp:4)
  24 ugly things
  2 will-o-the-wisps
  A harpy (Vaults:2)
  A salamander (shapeshifter) (Depths:2)
  2 manticores
  4 shining eyes
  6 large abominations (Abyss:3)
  An oklob plant (Snake:4)
  15 salamanders
  An apocalypse crab (Abyss:3)
  34 black mambas
  19 moths of wrath
  A worldbinder (Abyss:3)
  4 kobold blastminers (Orc:2)
  A moth of wrath (shapeshifter) (Depths:2)
  3 eyes of devastation
  3 meliai (D:13)
  2 torpor snails
  A dire elephant zombie (Crypt:3)
  A shock serpent zombie (Crypt:2)
  10 elephants
  8 molten gargoyles
  A rust devil (D:11)
  104 slime creatures
  6 guardian serpents
  17 naga magi
  A mana viper zombie (Crypt:2)
  A guardian serpent (shapeshifter) (D:14)
  An alligator snapping turtle zombie (Crypt:2)
  4 orange demons
  3 smoke demons
  A dire elephant skeleton (Crypt:3)
  24 vault sentinels
  A cane toad (shapeshifter) (Elf:3)
  A gargoyle (D:7)
  19 cane toads
  An unseen horror zombie (Crypt:2)
  An unseen horror (Abyss:3)
  11 komodo dragons
  6 rime drakes
  An ancient zyme (Abyss:3)
  40 yaktaurs
  A steelbarb worm zombie (Crypt:1)
  4 kobold demonologists
  3 swamp worm zombies (Swamp:4)
  A tengu conjurer (Depths:2)
  2 freezing wraiths
  An ice devil (Lair:5)
  A tormentor (Vaults:3)
  A polar bear (Lair:4)
  3 hydra zombies (Swamp:4)
  A red devil (Lair:5)
  A wolf spider simulacrum (D:13)
  A harpy zombie (Crypt:3)
  A bloated husk (Swamp:4)
  A jumping spider zombie (Crypt:1)
  A tengu simulacrum (Vaults:1)
  6 trolls
  6 raiju (Abyss:3)
  A fire dragon zombie (Crypt:3)
  13 tyrant leeches
  A tarantella (Vaults:1)
  9 glass eyes
  A meliai zombie (Crypt:2)
  38 saltlings
  2 spectral swamp dragons (Swamp:4)
  A harpy skeleton (Crypt:2)
  2 tarantella zombies (Crypt:1)
  30 hornets
  Grinder (D:3)
  12 blink frogs
  7 dream sheep (Lair:5)
  A centaur simulacrum (Crypt:2)
  4 jumping spiders (Zot:2)
  2 stone giant simulacra
  4 air elementals
  3 shadows
  35 spriggans
  8 water elementals
  5 vampires
  56 yaks
  12 wraiths
  A dire elephant simulacrum (Crypt:2)
  4 wyverns
  7 basilisks
  17 humans (D:14)
  9 golden eyes
  3 fire elementals
  6 tyrant leech zombies (Swamp:4)
  2 wargs (Orc:2)
  10 starcursed masses (Abyss:3)
  18 vampire mosquitoes
  Menkaure (D:5)
  5 redbacks
  12 swamp worms
  51 nagas
  An acid dragon (D:10)
  15 water moccasins
  Duvessa (D:4)
  A demonspawn skeleton (Crypt:1)
  4 hell hounds (Lair:5)
  19 orc warriors
  3 swamp drakes
  4 swamp dragon zombies (Swamp:4)
  2 ice beasts
  A sky beast (D:7)
  2 black bears
  35 laughing skulls
  An ogre (shapeshifter) (Depths:2)
  3 boggarts
  13 wolves
  A hog zombie (Crypt:2)
  5 ogres
  11 centaurs
  9 phantoms
  A kobold brigand (D:11)
  A hog skeleton (Crypt:1)
  12 bullfrogs
  6 scorpions
  3 gnoll sergeants
  3 necrophages (Crypt:3)
  A komodo dragon skeleton (Crypt:2)
  A wight (D:7)
  Dowan (D:4)
  5 howler monkeys
  An electric eel (Lair:3)
  4 lava snakes (D:15)
  2 quasits (Abyss:3)
  3 jellies
  A bombardier beetle (shapeshifter) (Elf:3)
  4 bombardier beetles
  A gnoll bouda (D:7)
  6 hounds
  A hound (shapeshifter) (Elf:2)
  15 orc priests
  2 sleepcaps
  3 iron imps (Abyss:3)
  2 iguanas
  Natasha (thrice) (D:2)
  A human skeleton (Crypt:1)
  18 orc wizards
  An ogre zombie (Crypt:1)
  10 gnolls
  A steam dragon zombie (Crypt:1)
  6 adders
  3 white imps
  7 ufetubi
  3 dart slugs
  A ribbon worm (D:2)
  57 orcs
  6 ball pythons
  15 bats
  6 endoplasms
  3 giant cockroaches
  6 goblins
  3 hobgoblins
  A jackal (D:2)
  7 kobolds
  5 quokkas
  7 frilled lizards
  8 rats
2400 creatures vanquished.

Vanquished Creatures (others)
  A tengu reaver (Depths:3)
  A draconian monk (Zot:5)
  A draconian knight (Zot:5)
  A ghost moth (Zot:4)
  A purple draconian (Zot:1)
  An ironbound convoker (Vaults:1)
  2 deep elf pyromancers (Elf:2)
  An ugly thing (D:7)
  A will-o-the-wisp (Swamp:4)
  A bloated husk (Swamp:4)
  A spriggan (Swamp:4)
  A water elemental (Elf:1)
  A phantom (Swamp:4)
  13 foxfires
  A lurking horror (Abyss:3)
28 creatures vanquished.

Grand Total: 2428 creatures vanquished

Notes
Turn   | Place    | Note
-------+----------+-------------------------------------------
     0 | D:1      | oldriver the Demigod Hunter began the quest for the Orb.
     0 | D:1      | Reached XP level 1. HP: 17/17 MP: 3/3
    32 | D:1      | Reached skill level 1 in Stealth
   141 | D:1      | You fall into a shaft and drop 1 floor!
   151 | D:2      | Noticed Natasha
   160 | D:2      | Reached skill level 2 in Fighting
   178 | D:2      | Reached XP level 2. HP: 22/24 MP: 4/4
   215 | D:2      | Killed Natasha
   216 | D:2      | Reached XP level 3. HP: 13/29 MP: 5/5
   863 | D:2      | Identified the +5 ring mail of the Bursting Gods {rCorr
                  | Int+2}
   992 | D:2      | Reached XP level 4. HP: 37/37 MP: 6/6
  1071 | D:2      | Noticed Natasha
  1094 | D:2      | Killed Natasha
  1145 | D:2      | Noticed Natasha
  1162 | D:2      | Killed Natasha
  2093 | D:3      | Noticed Grinder
  2098 | D:3      | Killed Grinder
  2099 | D:3      | Reached skill level 3 in Fighting
  2099 | D:3      | Reached skill level 5 in Ranged Weapons
  2099 | D:3      | Reached skill level 1 in Armour
  2099 | D:3      | Reached XP level 5. HP: 45/45 MP: 7/7
  2099 | D:3      | Reached XP level 6. HP: 51/51 MP: 8/8
  2886 | D:4      | Reached XP level 7. HP: 58/58 MP: 9/9
  2935 | D:4      | Found a runed translucent gate.
  3014 | D:4      | Noticed Dowan
  3015 | D:4      | Noticed Duvessa
  3044 | D:4      | Killed Duvessa
  3045 | D:4      | Reached skill level 4 in Fighting
  3047 | D:4      | Killed Dowan
  3379 | D:4      | Found a runed translucent gate.
  3379 | D:4      | Found a runed translucent gate.
  3382 | D:4      | Noticed superradish's ghost (weakling DsDe)
  3717 | D:5      | Entered Level 5 of the Dungeon
  3738 | D:5      | Noticed Menkaure
  3744 | D:5      | Killed Menkaure
  3911 | D:5      | Reached XP level 8. HP: 59/67 MP: 10/10
  4187 | D:5      | Reached skill level 5 in Fighting
  4411 | D:6      | Found a staircase to the Ecumenical Temple.
  5512 | D:6      | Reached skill level 6 in Fighting
  5887 | D:6      | Identified a scroll of acquirement
  5887 | D:6      | Acquired a +1 hand cannon of flaming
  6077 | D:7      | Noticed a troll
  6089 | D:7      | Killed a troll
  6090 | D:7      | Reached XP level 9. HP: 42/75 MP: 11/11
  6444 | D:7      | Noticed a gargoyle
  7338 | D:8      | Noticed a two-headed ogre
  7858 | D:7      | Noticed a komodo dragon
  7858 | D:7      | Noticed a two-headed ogre
  7858 | D:7      | Noticed a cyan ugly thing
  8328 | D:8      | Found a staircase to the Lair.
  8328 | D:8      | Noticed a two-headed ogre
  8338 | D:8      | Killed a two-headed ogre
  8339 | D:8      | Reached skill level 10 in Ranged Weapons
  8339 | D:8      | Reached skill level 5 in Stealth
  9086 | Lair:1   | Entered Level 1 of the Lair of Beasts
  9143 | Lair:1   | Reached skill level 7 in Fighting
  9143 | Lair:1   | Reached XP level 10. HP: 60/86 MP: 13/13
  9917 | Lair:1   | Reached skill level 8 in Fighting
 10324 | Lair:2   | Noticed a seven-headed hydra
 10391 | Lair:2   | Noticed Gastronok
 10401 | Lair:2   | Killed Gastronok
 10402 | Lair:2   | Reached skill level 1 in Shields
 10488 | Lair:2   | Noticed a black mamba
 10640 | Lair:1   | Killed a black mamba
 10641 | Lair:1   | Reached XP level 11. HP: 26/95 MP: 14/14
 11185 | D:7      | Noticed a boulder beetle
 11186 | D:7      | Noticed a deep elf pyromancer
 11188 | D:7      | Killed a deep elf pyromancer
 11199 | D:7      | Killed a boulder beetle
 11259 | D:7      | Found the +6 Majin-Bo {spellvamp, MP+6 Int+6}
 11261 | D:7      | Identified the +4 scimitar "Fidim" {spect, *Corrode rN+
                  | SInv}
 11261 | D:7      | Identified the +4 kite shield "Amaegrukh" {*Slow rPois rN+
                  | Dex+4}
 11261 | D:7      | Identified the ring "Xoutepsi" {rN+ Str+2}
 11299 | D:7      | Killed a two-headed ogre
 11546 | D:9      | Reached skill level 9 in Fighting
 11856 | D:9      | Noticed a two-headed ogre
 11860 | D:9      | Killed a two-headed ogre
 12480 | D:10     | Entered Level 10 of the Dungeon
 12899 | D:10     | Found a transporter.
 12902 | D:10     | Noticed an orc high priest
 12984 | D:10     | Found a transporter.
 13111 | D:10     | Noticed a two-headed ogre
 13113 | D:10     | Killed a two-headed ogre
 13322 | D:11     | Noticed a two-headed ogre
 13327 | D:11     | Killed a two-headed ogre
 13328 | D:11     | Reached XP level 12. HP: 104/104 MP: 15/15
 13685 | D:11     | Found a staircase to the Orcish Mines.
 14358 | Lair:1   | Reached skill level 15 in Ranged Weapons
 15162 | Lair:2   | Found a staircase to the Snake Pit.
 15316 | Lair:2   | Killed a seven-headed hydra
 15377 | Lair:3   | Noticed Josephine
 15760 | Lair:3   | Killed Josephine
 16008 | Lair:3   | Found a staircase to the Swamp.
 16134 | Lair:3   | You fall into a shaft and drop 2 floors!
 16134 | Lair:5   | Entered Level 5 of the Lair of Beasts
 16230 | Lair:5   | Reached XP level 13. HP: 101/111 MP: 14/16
 17897 | Lair:4   | Identified the +2 robe of Zeliocyrch {-Cast rPois SInv}
 18775 | Lair:4   | Found a staircase to the Slime Pits.
 18796 | Lair:4   | Reached skill level 5 in Shields
 19016 | Lair:4   | Reached skill level 5 in Dodging
 19058 | Lair:5   | Identified the +4 dagger of Leiph {antimagic, rN+ Int-5
                  | Stlth+}
 19714 | Lair:5   | Reached skill level 5 in Armour
 19857 | Lair:5   | Found a gateway to Hell.
 19865 | Lair:5   | Got the Tome of the Familiar
 20306 | Orc:1    | Entered Level 1 of the Orcish Mines
 20388 | D:12     | Reached skill level 10 in Fighting
 20388 | D:12     | Reached XP level 14. HP: 95/121 MP: 12/17
 20820 | D:13     | Found a runed translucent door.
 20821 | D:13     | Found a runed translucent door.
 21350 | D:13     | Noticed a lich
 21350 | D:13     | Noticed SuperJoe's ghost (journeyman MfCj)
 22304 | D:14     | Identified the +10 rapier "Ijoon" {speed, rN+}
 22313 | D:14     | Reached skill level 11 in Fighting
 22415 | D:14     | Found a gate to the Vaults.
 23248 | Orc:2    | Entered Level 2 of the Orcish Mines
 23314 | Orc:1    | Found Ruqunk's Antique Armour Shoppe.
 23433 | Orc:2    | Noticed Donald
 23444 | Orc:2    | Killed Donald
 23501 | Orc:2    | Noticed Snorg
 23689 | Orc:2    | Killed Snorg
 23807 | Orc:2    | Found a staircase to the Elven Halls.
 23859 | Orc:2    | Noticed Urug
 23910 | Orc:2    | Killed Urug
 24279 | Orc:2    | Reached skill level 12 in Fighting
 24313 | Orc:1    | You fall into a shaft and drop 1 floor!
 24859 | Orc:2    | Reached XP level 15. HP: 125/134 MP: 18/18
 24882 | Orc:2    | Found Amothruq's Weapon Emporium.
 24882 | Orc:2    | Found Tuereu's Antique Armour Boutique.
 24884 | Orc:2    | Found Udijakk's Weapon Emporium.
 24884 | Orc:2    | Found Tikoub's General Store.
 24894 | Orc:2    | Bought 2 potions of curing for 84 gold pieces
 24898 | Orc:2    | Bought a runed scarf for 280 gold pieces
 25040 | D:15     | Entered Level 15 of the Dungeon
 25269 | D:15     | Found a portal to a secret trove of treasure.
 25889 | D:15     | Found a staircase to the Depths.
 26115 | Orc:1    | Bought a distressingly furry chain mail for 237 gold pieces
 26115 | Orc:1    | Identified the +0 chain mail "Qoheem Hanic" {rC++ Int-3}
                  | (You bought it in a shop on level 1 of the Orcish Mines)
 26115 | Orc:1    | Bought an encrusted robe for 142 gold pieces
 26115 | Orc:1    | Identified the +0 robe of the Shrike {rC+++ Str-2 Dex+3
                  | Slay+2} (You bought it in a shop on level 1 of the Orcish
                  | Mines)
 26271 | Snake:1  | Entered Level 1 of the Snake Pit
 26454 | Snake:1  | HP: 5/134 [naga sharpshooter/bolt (17)]
 26784 | Snake:1  | Reached skill level 13 in Fighting
 27600 | Snake:2  | Noticed a nagaraja
 27603 | Snake:2  | Killed a nagaraja
 28049 | Snake:3  | Identified the +2 robe "Liss" {MP-9 Str+5}
 28056 | Snake:3  | Noticed Saint Roka
 28400 | Snake:3  | Found Umnaisej's General Store.
 28408 | Snake:3  | Bought 2 potions of haste for 280 gold pieces
 28408 | Snake:3  | Bought a scroll of enchant armour for 105 gold pieces
 28408 | Snake:3  | Bought a scroll of enchant armour for 105 gold pieces
 29311 | Snake:2  | Killed Saint Roka
 29429 | Snake:3  | Reached XP level 16. HP: 144/144 MP: 19/19
 29788 | Snake:4  | Entered Level 4 of the Snake Pit
 29808 | Snake:4  | Reached skill level 10 in Armour
 29919 | Swamp:1  | Entered Level 1 of the Swamp
 29927 | Lair:3   | Reached skill level 10 in Dodging
 30637 | Swamp:1  | Found a transporter.
 30709 | Swamp:1  | Reached skill level 14 in Fighting
 30777 | Swamp:1  | Found a transporter.
 31108 | Swamp:2  | Reached skill level 10 in Stealth
 31757 | Swamp:3  | Noticed Nikola
 31794 | Swamp:3  | Killed Nikola
 32111 | Swamp:3  | Noticed a tentacled monstrosity
 32118 | Swamp:3  | Killed a tentacled monstrosity
 32389 | Swamp:3  | Noticed Bai Suzhen
 33214 | D:13     | Killed SuperJoe's ghost
 33447 | D:13     | Killed a lich
 33467 | D:13     | Identified the +5 battleaxe of the Volcano {vamp, rF+ rC+
                  | Dex+4 Stlth-}
 34215 | Snake:4  | Reached skill level 10 in Shields
 34427 | Snake:4  | Reached XP level 17. HP: 154/154 MP: 20/20
 34543 | Snake:4  | Reached skill level 15 in Fighting
 35419 | Snake:4  | Got a serpentine rune of Zot
 36672 | Swamp:4  | Entered Level 4 of the Swamp
 38045 | Swamp:4  | Noticed a bone dragon
 38103 | Swamp:4  | Killed a bone dragon
 38128 | Swamp:4  | Got a decaying rune of Zot
 38441 | Vaults:1 | Entered Level 1 of the Vaults
 38664 | Vaults:1 | Reached skill level 16 in Fighting
 38737 | Vaults:1 | Found a crumbling gateway.
 38875 | Desolati | Entered the Desolation of Salt
 39016 | Desolati | Reached XP level 18. HP: 166/166 MP: 21/21
 39921 | Desolati | Identified the +5 great sword of the Dead {spect, rPois
                  | rCorr Int-2 Dex+5}
 39940 | Desolati | Identified the ring of Dynin {*Corrode rPois rF+ Dex+6}
 39953 | Desolati | Identified the ring "Huisiekk" {Wiz rN+++ rCorr Dex+3
                  | Slay-3}
 40068 | Desolati | Identified the +4 spear "Xethrui" {flame, rElec rC+}
 40190 | Desolati | Identified the ring of Ynuoz {rC+ rN+ Int+2}
 41641 | Vaults:1 | Found Gasael's Antique Armour Shoppe.
 41647 | Vaults:1 | Bought a faintly glowing chain mail for 285 gold pieces
 41647 | Vaults:1 | Identified the +0 chain mail of the Barracuda {^Drain rN+
                  | Str+2 Stlth+} (You bought it in a shop on level 1 of the
                  | Vaults)
 42133 | Vaults:2 | Identified the +1 ring mail "Cydus" {rF- Int+3 Dex+3}
 42264 | Vaults:2 | Noticed a hellephant
 43792 | Vaults:1 | Reached skill level 17 in Fighting
 44196 | Vaults:2 | Noticed Mennas
 44237 | Vaults:2 | Noticed Margery
 44855 | Swamp:1  | Identified the ring of the Duke {rN+ Dex+3 Stlth+}
 45212 | Depths:1 | Entered Level 1 of the Depths
 45469 | D:15     | Reached XP level 19. HP: 144/177 MP: 22/22
 45894 | Depths:1 | Noticed a juggernaut
 45900 | Depths:1 | Killed a juggernaut
 45981 | Depths:1 | You fall into a shaft and drop 1 floor!
 46138 | Depths:1 | Noticed Mara
 46476 | Depths:1 | Identified the ring "Gosi" {^Drain rElec MP+9 Int+5 Stlth+}
 46553 | Depths:1 | Noticed oldriver's illusion
 46570 | Depths:1 | Killed Mara
 46854 | Depths:1 | Found a runed translucent door.
 46855 | Depths:1 | Noticed Iceingye's ghost (adept DrSh)
 47619 | Depths:2 | Found a one-way gate to the infinite horrors of the Abyss.
 47932 | Depths:2 | Reached skill level 18 in Fighting
 48722 | Depths:2 | Found a one-way gate leading to the halls of Pandemonium.
 48816 | Depths:2 | Identified the +0 scale mail "Penic" {+Inv rC+ rCorr Int-3}
 49182 | Depths:3 | Noticed Sojobo
 49220 | Depths:3 | Paralysed by an air elemental for 1 turns
 49555 | Depths:3 | Reached skill level 15 in Shields
 50127 | Depths:3 | Reached XP level 20. HP: 189/189 MP: 24/24
 50129 | Depths:3 | Reached skill level 19 in Fighting
 50747 | Depths:4 | Entered Level 4 of the Depths
 50758 | Depths:4 | Noticed the Enchantress
 51635 | Depths:3 | Killed Sojobo
 52053 | D:14     | Killed Mennas
 52557 | Vaults:2 | Killed Margery
 52559 | Vaults:2 | Reached skill level 20 in Fighting
 52607 | Vaults:2 | Found a runed translucent gate.
 52607 | Vaults:2 | Found a runed translucent gate.
 52608 | Vaults:2 | Found a runed translucent gate.
 53049 | Vaults:2 | Noticed Bailed's ghost (veteran MiMo)
 53477 | Vaults:3 | Found a staircase to the Crypt.
 54898 | Vaults:4 | Identified the +0 rapier of the Head {protect, rF- rC+ rN+
                  | rCorr Int+3}
 55217 | Vaults:4 | Reached XP level 21. HP: 189/202 MP: 25/25
 55594 | Vaults:4 | Found Caotwogh's Armour Emporium.
 56035 | Elf:1    | Entered Level 1 of the Elven Halls
 56193 | Elf:1    | Paralysed by an air elemental for 1 turns
 56361 | Elf:1    | Paralysed by an air elemental for 1 turns
 56363 | Elf:1    | Paralysed by an air elemental for 1 turns
 56379 | Elf:1    | Got the Parchment of Accompaniment
 56465 | Elf:1    | Reached skill level 21 in Fighting
 56967 | Elf:2    | Found a runed translucent gate.
 56967 | Elf:2    | Found a runed translucent gate.
 56967 | Elf:2    | Found a runed translucent gate.
 56971 | Elf:2    | Noticed Upahu's ghost (adept MiBe)
 57281 | Elf:2    | Found a runed translucent gate.
 57282 | Elf:2    | Found a runed translucent gate.
 57282 | Elf:2    | Found a runed translucent gate.
 59186 | Elf:3    | Entered Level 3 of the Elven Halls
 59197 | Elf:3    | Identified the +1 pair of gloves "Vorit" {rF+ rC++ Slay-2}
 59547 | Vaults:2 | Killed Bailed's ghost
 59553 | Vaults:2 | Identified the +1 cloak "Iferr" {Fly Str+3}
 59559 | Vaults:2 | Got the Teachings on Hoarfrost
 59827 | Elf:3    | Found Wishoewn's General Store.
 59829 | Elf:3    | Bought a scroll of teleportation for 54 gold pieces
 59868 | Elf:3    | Found Fokhet's Book Shop.
 59973 | Elf:3    | Found Ucalono's Armour Shoppe.
 60076 | Abyss:3  | Cast into level 3 of the Abyss (a deep elf sorcerer)
 60176 | Abyss:3  | HP: 10/204 [large abomination (15)]
 60326 | Abyss:3  | Reached XP level 22. HP: 170/170 MP: 26/26
 60475 | Abyss:3  | Reached skill level 15 in Stealth
 60510 | Elf:3    | Escaped the Abyss
 60734 | Elf:3    | Found Uzaeroh's Antique Armour Shop.
 60758 | Elf:3    | Gained mutation: You are dopey. (Int -2) [a cacodemon]
 60760 | Elf:3    | Gained mutation: You are clumsy. (Dex -2) [a cacodemon]
 60902 | Elf:3    | Paralysed by an air elemental for 1 turns
 60948 | Elf:3    | Reached XP level 23. HP: 222/222 MP: 27/27
 60949 | Elf:3    | Found Masone's Distillery.
 60957 | Elf:3    | Bought 2 potions of heal wounds for 130 gold pieces
 60957 | Elf:3    | Bought a potion of heal wounds for 65 gold pieces
 60957 | Elf:3    | Bought 2 potions of heal wounds for 130 gold pieces
 60957 | Elf:3    | Bought a potion of heal wounds for 65 gold pieces
 60957 | Elf:3    | Bought a potion of curing for 39 gold pieces
 60957 | Elf:3    | Bought a potion of curing for 39 gold pieces
 60957 | Elf:3    | Bought a potion of invisibility for 104 gold pieces
 60957 | Elf:3    | Bought a potion of invisibility for 104 gold pieces
 60957 | Elf:3    | Bought a potion of might for 52 gold pieces
 61335 | Elf:3    | Identified the ring "Pegob" {Fly rPois Dex+4 Slay+3}
 61369 | Abyss:3  | Cast into level 3 of the Abyss (a deep elf sorcerer)
 61387 | Elf:3    | Escaped the Abyss
 61515 | Elf:3    | Identified the +3 long sword "Codiceho" {spect, Str+5}
 61515 | Elf:3    | Identified the +5 leather armour "Athiu" {Rampage *Corrode
                  | rPois Slay+2}
 61515 | Elf:3    | Identified the ring of Idwec {Fly rPois rF+ Dex+4}
 61519 | Elf:3    | Identified the +2 great sword of Punishment {drain, +Blink
                  | rN++}
 61519 | Elf:3    | Identified the amulet "Poiref Puono" {Reflect rPois SH+5}
 61629 | Elf:3    | Identified the +5 chain mail of Napnag {Rampage rElec
                  | Int+2}
 61721 | Elf:3    | Identified the +1 ring mail of the Fiddle {*Corrode rPois
                  | Dex+7}
 61733 | Elf:3    | Identified the +4 ring mail "Nigocag" {Will+ Int+3}
 62255 | Slime:1  | Entered Level 1 of the Pits of Slime
 62467 | Slime:1  | Reached skill level 15 in Dodging
 62740 | Slime:2  | Noticed Dissolution
 63234 | Slime:2  | Killed Dissolution
 63235 | Slime:2  | Reached skill level 22 in Fighting
 63845 | Slime:3  | Gained mutation: Armour fits poorly on your strangely
                  | shaped body. [a shining eye]
 63846 | Slime:3  | Gained mutation: You are weak. (Str -2) [a shining eye]
 63862 | Slime:2  | Lost mutation: You are weak. (Str -2) [potion of mutation]
 63862 | Slime:2  | Lost mutation: You are clumsy. (Dex -2) [potion of
                  | mutation]
 63862 | Slime:2  | Gained mutation: You passively map a small area around you.
                  | [potion of mutation]
 63862 | Slime:2  | Gained mutation: You possess an exceptional clarity of
                  | mind. [potion of mutation]
 63862 | Slime:2  | Gained mutation: Your flesh is cold resistant. (rC+)
                  | [potion of mutation]
 63863 | Slime:2  | Lost mutation: You are dopey. (Int -2) [potion of mutation]
 63863 | Slime:2  | Lost mutation: Armour fits poorly on your strangely shaped
                  | body. [potion of mutation]
 63863 | Slime:2  | Gained mutation: Your natural rate of healing is unusually
                  | fast. [potion of mutation]
 63863 | Slime:2  | Gained mutation: You are clumsy. (Dex -2) [potion of
                  | mutation]
 64829 | Slime:5  | Entered Level 5 of the Pits of Slime
 65634 | Slime:5  | Noticed the Royal Jelly
 66517 | Slime:5  | Killed the Royal Jelly
 66618 | Slime:5  | Identified the +4 arbalest of the Land of Plenty {elec,
                  | Str+2 Int+2}
 66636 | Slime:5  | Identified the +0 ring mail "Woelet" {rElec}
 66674 | Slime:5  | Identified the +1 leather armour "Qure" {-Cast Regen+
                  | Dex+4}
 66676 | Slime:5  | Got the Omnibus of Forces and the Gang
 66697 | Slime:5  | Identified the +3 ring mail of Jijy {^Contam rPois Int+8}
 66702 | Slime:5  | Identified the ring "Xemu" {Int+6 Stlth+}
 66714 | Slime:5  | Found the +3 crown of Dyrovepreva {rElec Int+2 SInv}
 66721 | Slime:5  | Identified the +6 great sword "Ric Xus" {holy, rElec rPois
                  | Dex+3 Stlth+}
 66762 | Slime:5  | Found the +3 pair of seven-league boots {Rampage+∞}
 66808 | Slime:5  | Got the Information on Relocated Guile
 66821 | Slime:5  | Got a slimy rune of Zot
 66826 | Slime:5  | Identified the +0 swamp dragon scales of the Blessed Realm
                  | {rElec rPois Will+ Str+3}
 67627 | Crypt:1  | Entered Level 1 of the Crypt
 67634 | Crypt:1  | Identified the orb of Unambiguity {*channel, rPois Air}
 67634 | Crypt:1  | Noticed Frederick
 67683 | Crypt:1  | Killed Frederick
 67715 | Crypt:1  | Identified the +5 dire flail "Concordance" {flame, Fly
                  | Dex+3}
 67723 | Crypt:1  | Noticed Grunn
 67971 | Vaults:3 | Killed Grunn
 68195 | Crypt:1  | Reached skill level 23 in Fighting
 68239 | Crypt:1  | Noticed Jory
 68249 | Crypt:1  | Killed Jory
 69039 | Crypt:2  | Reached XP level 24. HP: 170/235 MP: 27/27
 69708 | Crypt:3  | Entered Level 3 of the Crypt
 70533 | Crypt:3  | Noticed a dread lich
 70539 | Crypt:3  | Killed a dread lich
 71031 | Crypt:3  | Identified the amulet of Accord {RegenMP Will- Int+2 Dex+3}
 71167 | Crypt:3  | Identified the ring of the Robin {rElec rC++ Will+ Dex+6}
 71232 | Crypt:3  | Found a staircase to the Tomb.
 71790 | Depths:3 | Killed the Enchantress
 72170 | Vaults:5 | Entered Level 5 of the Vaults
 72243 | Vaults:5 | Noticed a dread lich
 72377 | Vaults:5 | Reached skill level 24 in Fighting
 72548 | Vaults:5 | Identified the ring of Achoff {*Slow rPois Str+2 Dex+3
                  | Slay+4}
 72551 | Vaults:5 | Identified the ring of the Gastropod {Wiz rPois Dex+3}
 73155 | Vaults:5 | Identified the ring "Qut Yciv" {rPois rC+ EV+5 Dex-2 SInv}
 73255 | Vaults:5 | Killed a dread lich
 73421 | Vaults:5 | Got Sogileq's Writings on the Charnel Wendigo
 73603 | Vaults:5 | Identified the +4 ice dragon scales of the Present {rF-
                  | rC++ rN+ Stlth+}
 73627 | Vaults:5 | Found the +10 Black Knight's barding {ponderous, rPois rN+}
 73661 | Vaults:5 | Reached XP level 25. HP: 245/245 MP: 27/27
 73791 | Vaults:5 | Reached skill level 1 in Evocations
 74334 | Vaults:5 | Got a silver rune of Zot
 74364 | Vaults:5 | Noticed an ancient lich
 74369 | Vaults:5 | Killed an ancient lich
 75842 | Depths:4 | Found a one-way gateway to a ziggurat.
 76019 | Depths:4 | Found a gate to the Realm of Zot.
 76739 | Zot:1    | Entered Level 1 of the Realm of Zot
 76760 | Zot:1    | Reached skill level 5 in Evocations
 78579 | Zot:3    | HP: 11/245 [white draconian stormcaller/divine providence
                  | (16)]
 78579 | Zot:3    | Saved by the dreamshard amulet
 78804 | Zot:3    | Noticed an orb of fire
 78809 | Zot:3    | Lost mutation: You possess an exceptional clarity of mind.
                  | [an orb of fire]
 78814 | Zot:3    | Killed an orb of fire
 79960 | Zot:4    | Identified the amulet "Ximuass" {Reflect rC++ SH+5}
 80620 | Zot:5    | Entered Level 5 of the Realm of Zot
 81336 | Zot:4    | Reached XP level 26. HP: 255/255 MP: 27/27
 81495 | Zot:5    | Noticed an orb of fire
 81502 | Zot:5    | Noticed a dread lich
 81506 | Zot:5    | Gained mutation: You occasionally lose the ability to drink
                  | potions when taking damage. [an orb of fire]
 81509 | Zot:5    | Killed an orb of fire
 81924 | Zot:5    | Noticed an orb of fire
 81929 | Zot:5    | Gained mutation: You have sharp fingernails. [an orb of
                  | fire]
 81940 | Zot:5    | Killed an orb of fire
 82045 | Zot:5    | Paralysed by a dread lich for 4 turns
 82054 | Zot:5    | Killed a dread lich
 83239 | Zot:5    | Noticed an orb of fire
 83239 | Zot:5    | Gained mutation: You are frail. (-10% HP) [an orb of fire]
 83241 | Zot:5    | Gained mutation: You sometimes lose your temper in combat.
                  | [an orb of fire]
 83250 | Zot:5    | Killed an orb of fire
 83251 | Zot:5    | Lost mutation: You are clumsy. (Dex -2) [potion of
                  | mutation]
 83251 | Zot:5    | Lost mutation: You passively map a small area around you.
                  | [potion of mutation]
 83251 | Zot:5    | Lost mutation: You occasionally lose the ability to drink
                  | potions when taking damage. [potion of mutation]
 83251 | Zot:5    | Gained mutation: Your body sometimes deteriorates upon
                  | taking damage. [potion of mutation]
 83251 | Zot:5    | Gained mutation: You are agile. (Dex +4, Str/Int -1)
                  | [potion of mutation]
 83251 | Zot:5    | Gained mutation: You have a pair of small antennae on your
                  | head. [potion of mutation]
 83252 | Zot:5    | Lost mutation: You are frail. (-10% HP) [potion of
                  | mutation]
 83252 | Zot:5    | Lost mutation: Your flesh is cold resistant. (rC+) [potion
                  | of mutation]
 83252 | Zot:5    | Gained mutation: You occasionally lose the ability to drink
                  | potions when taking damage. [potion of mutation]
 83252 | Zot:5    | Gained mutation: You are partially covered in iridescent
                  | scales. (AC +2) [potion of mutation]
 83253 | Zot:5    | Lost mutation: You have a pair of small antennae on your
                  | head. [potion of mutation]
 83253 | Zot:5    | Lost mutation: You have sharp fingernails. [potion of
                  | mutation]
 83253 | Zot:5    | Lost mutation: You sometimes lose your temper in combat.
                  | [potion of mutation]
 83253 | Zot:5    | Gained mutation: You passively dampen the noise of your
                  | surroundings. [potion of mutation]
 83253 | Zot:5    | Gained mutation: You are very agile. (Dex +8, Str/Int -2)
                  | [potion of mutation]
 83254 | Zot:5    | Lost mutation: You are partially covered in iridescent
                  | scales. (AC +2) [potion of mutation]
 83254 | Zot:5    | Lost mutation: Your body sometimes deteriorates upon taking
                  | damage. [potion of mutation]
 83254 | Zot:5    | Gained mutation: Your spells are a little harder to cast,
                  | but a little more powerful. [potion of mutation]
 83651 | Zot:5    | Noticed an orb of fire
 83666 | Zot:5    | Gained mutation: You are vulnerable to heat. (rF-) [an orb
                  | of fire]
 83667 | Zot:5    | Gained mutation: You sometimes lose the ability to drink
                  | potions when taking damage. [an orb of fire]
 83669 | Zot:5    | Gained mutation: You sometimes lose your temper in combat.
                  | [an orb of fire]
 83669 | Zot:5    | Gained mutation: You expend magic power (3 MP) to
                  | strengthen your wands. [an orb of fire]
 83671 | Zot:5    | Killed an orb of fire
 83845 | Zot:5    | Noticed an orb of fire
 83853 | Zot:5    | Gained mutation: You occasionally shout uncontrollably at
                  | your foes. [an orb of fire]
 83855 | Zot:5    | Killed an orb of fire
 83874 | Zot:5    | Noticed an orb of fire
 83877 | Zot:5    | Gained mutation: You frequently scream uncontrollably at
                  | your foes. [an orb of fire]
 83879 | Zot:5    | Noticed an orb of fire
 83881 | Zot:5    | Gained mutation: You are frail. (-10% HP) [an orb of fire]
 83882 | Zot:5    | Gained mutation: Your body sometimes deteriorates upon
                  | taking damage. [an orb of fire]
 83883 | Zot:5    | Gained mutation: You are very frail. (-20% HP) [an orb of
                  | fire]
 83893 | Zot:5    | Noticed an orb of fire
 83894 | Zot:5    | Killed an orb of fire
 83897 | Zot:5    | Gained mutation: You are weak. (Str -2) [an orb of fire]
 83906 | Zot:5    | Killed an orb of fire
 83911 | Zot:5    | Lost mutation: Your spells are a little harder to cast, but
                  | a little more powerful. [an orb of fire]
 83921 | Zot:5    | Killed an orb of fire
 83922 | Zot:5    | Reached skill level 25 in Fighting
 83975 | Zot:5    | Lost mutation: You sometimes lose the ability to drink
                  | potions when taking damage. [potion of mutation]
 83975 | Zot:5    | Lost mutation: Your body sometimes deteriorates upon taking
                  | damage. [potion of mutation]
 83975 | Zot:5    | Lost mutation: You occasionally lose the ability to drink
                  | potions when taking damage. [potion of mutation]
 83976 | Zot:5    | Lost mutation: You frequently scream uncontrollably at your
                  | foes. [potion of mutation]
 83976 | Zot:5    | Lost mutation: You are very agile. (Dex +8, Str/Int -2)
                  | [potion of mutation]
 83976 | Zot:5    | Lost mutation: You sometimes lose your temper in combat.
                  | [potion of mutation]
 83985 | Zot:5    | Got the Orb of Zot
 84119 | Zot:1    | Noticed an ancient lich
 84121 | Zot:1    | Noticed Ceff the pandemonium lord
 84321 | D:11     | Noticed Rutisaf the pandemonium lord
 84334 | D:11     | Killed Rutisaf the pandemonium lord
 84363 | D:10     | Noticed Buacuc the pandemonium lord
 84558 | D:$      | Escaped with the Orb!

Illustrated notes

Levels and vault maps discovered:
D:1:      nzn_arrival_water_spiral, layout_basic
D:2:      layout_loops_ring, minmay_fractal_squares_5, uniq_natasha
D:3:      layout_basic, eat_drink_and_be_merry_uskayaw, slow_altar_2,
          uniq_grinder
D:4:      layout_basic, beargit_hepliaklqana_dungeon_heroes, xom_teletrap_fun,
          lemuel_coloured_pillars_altar, gammafunk_ghost_necromancy,
          kennysheep_generic_room_10, uniq_duvessa
D:5:      layout_loops_cross, nicolae_overflow_quartered_altars, uniq_menkaure
D:6:      layout_loops_corners, nicolae_tso_carved_into_rock,
          minmay_temple_entry_glassed_door
D:7:      layout_cave_pods, chequers_avenue, minmay_the_grid_2x2
          [minmay_the_grid_spin_star, minmay_the_grid_minigrid_small,
          minmay_the_grid_outer_circle, minmay_the_grid_prize_shrinking_boxes]
D:8:      layout_loops_ring, nicolae_wu_jian_glorious_leap, okawaru_trees_2,
          lair_entry_dummy
D:9:      statuecave_lemuel, layout_loops_ring
D:10:     gammafunk_wand_slinger, layout_small_grid,
          nicolae_overflow_crystal_walls
D:11:     layout_irregular_city, kennysheep_orc_monster_closet_entryway,
          nicolae_straight_to_the_point
D:12:     layout_cave_pools
D:13:     layout_rooms, muffindrake_ghost_dual_entry
D:14:     layout_basic, grunt_vaults_entry_tiered, minmay_misc_feat_square,
          minmay_misc_feat_iff
D:15:     hangedman_depths_entry_civil_slaughter, layout_basic,
          trog_three_pillars_becter, nicolae_trove_entry_crossroad, minivault_22
Lair:1:   layout_loops_ring
Lair:2:   layout_concentric_octagons, guppyfry_snake_entry_garden,
          uniq_gastronok
Lair:3:   layout_hall_layers, minmay_swamp_entry_swarm, basic_altar,
          nicolae_lair_lindhole, serial_bayou_shore_a, uniq_josephine
Lair:4:   layout_loops_ring, slime_entry_1, chequers_serial_rivers_marsh
Lair:5:   evil_forest, layout_regular_city, chequers_serial_rivers_room_a,
          grunt_megastairs_3
Swamp:1:  gammafunk_sealed_arena, layout_basic_swamp, nicolae_swamp_long_stream,
          infiniplex_staircase_pool
Swamp:2:  layout_basic_swamp, evilmike_swamp_ruin_house_2
Swamp:3:  layout_falls_marsh, evilmike_swamp_ruin_house_1, swamp_pool_1_2,
          nicolae_swamp_dense_foliage, uniq_nikola, uniq_bai_suzhen
Swamp:4:  swamp_pestilence, layout_basic_swamp
Snake:1:  layout_gridlike
Snake:2:  layout_rooms, serial_bayou_shore_b
Snake:3:  layout_misc_corridors, serial_shops, shop, uniq_saint_roka
Snake:4:  grunt_snake_rune_serpentine_throne, layout_gridlike,
          lemuel_oklob_altar
Slime:1:  layout_caves
Slime:2:  layout_caves, uniq_dissolution
Slime:3:  layout_caves, cheibrodos_slime_lost_civilization_7
Slime:4:  layout_caves
Slime:5:  slime_pit_nicolae_amoeboid
Orc:1:    layout_caves, serial_shops, shop
Orc:2:    grunt_orc_tribal_feast, layout_diamond_mine, nicolae_orc_seminary,
          uniq_urug, uniq_snorg, uniq_donald
Elf:1:    nicolae_elf_arrival_fired_up, layout_rooms, minmay_elf_demonology,
          hellmonk_sif_muna_bookshelves
Elf:2:    nicolae_elf_blades_crystal_corner, layout_gridlike,
          gammafunk_ghost_split, basic_altar, lemuel_elevator
Elf:3:    elf_hall, layout_loops_corners, serial_shops,
          nicolae_shop_pleasant_corner_grove, nicolae_shop_tiny_waterfront,
          shop, shop, shop, roderic_lattice_octagonal_star
Vaults:1: portal_desolation_entry_nicolae_nacl, serial_ice_m,
          nicolae_vaults_stairing_the_circle, hangedman_vaults_corner_blocks,
          ontoclasm_vaults_ligature, nicolae_vaults_little_squares_1,
          nicolae_vaults_asterisk, ontoclasm_vaults_pinch, v_misc_33,
          serial_library_hellmonk_semicircle, vaults_room_pools,
          hangedman_vaults_stagger, nicolae_vaults_what_the_h, v_misc_24,
          vaults_mumra_minichess_inversion, nicolae_vaults_sealed_display,
          nicolae_vaults_house_1, layout_vaults_maze, serial_shops,
          nicolae_shop_trees
Vaults:2: gammafunk_ghost_fury_of_okawaru, nicolae_vaults_wine_cellar,
          v_rooms_3, nicolae_vaults_tetromino_L_2, nicolae_vaults_octothorpe,
          v_misc_9, nicolae_vaults_windows_and_doors_thing,
          nicolae_vaults_tangram_1, vaults_mumra_hex,
          nicolae_vaults_crenellated_ambush, nicolae_vaults_diamond_1,
          nicolae_vaults_angled_halls, grunt_vaults_focal,
          layout_vaults_big_cross, uniq_mennas, uniq_margery
Vaults:3: nicolae_vaults_steering_wheel, nicolae_vaults_closet_pinwheel_2,
          v_alt_pattern_6, v_misc_12, nicolae_vaults_closet_pinwheel_2,
          nicolae_vaults_trapezoid_4, minmay_crypt_entry_simple_box,
          nicolae_vaults_turnstiles, nicolae_vaults_trapezoid_lopsided_3,
          layout_vaults_omnigrid
Vaults:4: hangedman_vaults_restitches, ontoclasm_vaults_ring_large,
          vaults_dpeg_diagonal, nicolae_vaults_mini_display_case,
          nicolae_vaults_diamond_2, nicolae_vaults_taking_the_gang_shopping,
          nicolae_vaults_door_testing_chamber, nicolae_vaults_apartment_1,
          ontoclasm_vaults_spin, v_pattern_5, layout_vaults_omnibox
Vaults:5: serial_shops
Crypt:1:  layout_misc_corridors, nicolae_crypt_niches,
          grunt_crypt_arrival_webbed, uniq_grunn, uniq_frederick,
          uniq_josephina, uniq_jory
Crypt:2:  layout_misc_corridors, nicolae_crypt_smalloseum
Crypt:3:  cryptofortress_bobbens
Depths:1: layout_cave_shapes, hangedman_coc_ice_floe,
          muffindrake_ghost_three_little_ghosts, kennysheep_two_boxes,
          kennysheep_random_hallway, uniq_mara
Depths:2: minmay_bad_star, layout_cave_shapes, hellmouth_1, pan_entry,
          kennysheep_pointless_box, abyss_entry
Depths:3: kb_forest_paths, layout_basic, abyss_entry, hangedman_geh_valley,
          minmay_holes, uniq_sojobo
Depths:4: evilmike_zot_entry_argh, layout_basic, enter_ziggurat_f, hell_entry,
          rand_demon_pan_entry_5, fiery_altar_vehumet, reono_crystal_passage,
          uniq_enchantress
Zot:1:    kennysheep_ambush_hall, layout_onion_interference,
          regret_index_zotdec_gossamer_gf
Zot:2:    layout_basic, bh_zot_lava_cross, bh_zot_ikea_curve, grunt_ministairs_6
Zot:3:    layout_onion
Zot:4:    layout_onion_interference, regret_index_zotdec_abyssal_star_handed
Zot:5:    layout_concentric_octagons, regret_index_zotdec_ex

Skill      XL: |  1  2  3  4  5  6  7  8  9 10 11 12 13 14 15 16 17 18 19 20 21 22 23 24 25 26 |
---------------+-------------------------------------------------------------------------------+-----
Stealth        | 1 2 3 4 5 6 7 8 12 14 15 16 19 20 | 20.0
Fighting       | 2 3 4 6 7 8 9 10 12 13 14 16 17 18 20 21 23 24 25 | 25.0
Ranged Weapons | 4 5 7 9 10 11 14 17 18 | 18.0
Armour         | 1 2 3 4 5 8 9 10 11 12 13 14 | 14.0
Dodging        | 2 3 4 5 8 9 10 12 13 14 17 19 20 21 | 21.5
Shields        | 2 4 5 7 10 11 13 15 17 19 20 21 | 21.0
Evocations     | 8 |  8.0

Action                     |  1- 3 |  4- 6 |  7- 9 | 10-12 | 13-15 | 16-18 | 19-21 | 22-24 | 25-27 || total
---------------------------+-------+-------+-------+-------+-------+-------+-------+-------+-------++-------
  Melee: Hand cannon       |       |       |       |       |       |       |       |     4 |       ||     4
   Fire: Shortbow          |   128 |   133 |   477 |    21 |       |       |       |       |       ||   759
         Hand cannon       |       |       |       |   439 |  1161 |  1758 |  1716 |  1613 |  1179 ||  7866
  Evoke: Wand              |       |       |     3 |     4 |     4 |     2 |     5 |     5 |     4 ||    27
         Box of beasts     |       |       |       |       |       |     1 |     1 |       |       ||     2
         Lightning rod     |       |       |       |       |       |       |       |       |     1 ||     1
    Use: Scroll            |       |       |    17 |     6 |    18 |    15 |    10 |     9 |    12 ||    87
         Potion            |       |       |     2 |     1 |     6 |    12 |     6 |     9 |     8 ||    44
 Armour: Leather armour    |    38 |    10 |       |       |       |       |       |       |       ||    48
         Ring mail         |       |    19 |   181 |   193 |   218 |   307 |   472 |   185 |       ||  1575
         Troll leather arm |       |       |       |       |   177 |   412 |       |       |       ||   589
         Skin              |       |       |       |       |       |       |       |    21 |       ||    21
         Acid dragon scale |       |       |       |       |       |       |       |    65 |   219 ||   284
  Dodge: Dodged            |    38 |    32 |   139 |   158 |   433 |  1181 |   851 |   702 |   497 ||  4031
  Block: Buckler           |       |       |       |    65 |   249 |   620 |   354 |       |       ||  1288
         Kite shield       |       |       |       |       |       |       |   536 |  1194 |     3 ||  1733
         Tower shield      |       |       |       |       |       |       |       |       |   920 ||   920
